[Event "*** Titled Tuesday 3|2 Blitz (Early)"]
[Site "Chess.com"]
[Date "2017.01.03"]
[Round "3"]
[White "Fibrinogen"]
[Black "superjem123"]
[Result "0-1"]
[WhiteElo "2284"]
[BlackElo "2472"]
[TimeControl "180+2"]
[EndTime "11:35:58 PST"]
[Termination "superjem123 won by resignation"]

1. e4 e5 2. Bc4 Nc6 3. Nc3 Bc5 4.
d3 d6 5. Na4 Nge7 6. Nxc5 dxc5 7. Be3 b6 8. a3 Qd6 9. Ne2 Be6 10. O-O Bxc4 11. dxc4 Qg6 12. Ng3 h5 13. Qf3 h4 14.
Nf5 Nd4 15. Bxd4 cxd4 16. Nxe7 Kxe7 17. Rad1 c5 18. b4 cxb4 19. axb4 Rac8 20. Ra1 Rc7 21. c3 h3 22. cxd4 exd4 23. g3 Rd8 24. Qf4 Rcd7 25. c5 Kf8 26. Rac1 bxc5 27. bxc5 Qc6 28. Qh4 Kg8 29. Rfd1 d3 30. Rd2 Qe6 31. Qf4 Rb7 32. c6 Qxc6 33. Rcd1 Rb4 34. Qh4 Qe6 35. f3 Rbd4 36. g4 a5 37. Qxh3 a4 38. Qf1 a3 39. Rxd3 Rxd3 40. Rxd3 Qb6+ 41. Kg2 Rxd3 42. Qxd3 a2 43. Qa3 Qb1 44. Qa8+ Kh7 45. Qd8 Qb2+ 46.
Kh3 Qf6 0-1

[Event "*** Titled Tuesday 3|2 Blitz (Early)"]
[Site "Chess.com"]
[Date "2017.01.03"]
[Round "3"]
[White "Makalexa"]
[Black "Hamisandwich"]
[Result "0-1"]
[WhiteElo "2175"]
[BlackElo "2373"]
[TimeControl "180+2"]
[EndTime "11:36:07 PST"]
[Termination "Hamisandwich won by checkmate"]

1. e4 c6 2. d4 d5 3. Nc3 a6 4. e5 Bf5 5. g4 Bd7 6. Bd3 Qc8 7. h3 h5 8. gxh5 Bf5 9. Qf3 Bxd3 10. cxd3 Nh6 11. Bxh6 Rxh6 12. Nge2 e6 13. Rg1 c5 14.
O-O-O c4 15. Kb1 b5 16. dxc4 bxc4 17. Nf4 Nc6 18. Ka1 Rb8 19. Rd2 Qb7 20. Rb1 Bb4 21. Qd1 Qb6 22. Nfe2 Rxh5 23. Qg1 Kf8 24. Qg4 Rf5 25.
Rg1 g6 26. f3 Qa5 27. h4 Ne7 28. Qg2 Rh5 29. Qf2 Nf5 30. Rh1 Ke7 31. Rc2 Rbh8 32.
Nf4 Rxh4 33. Rxh4 Rxh4 34. a3 Bxc3 35. Nxg6+ fxg6 36. Rxc3 Rxd4 37. Ka2 Rd3 38. Qa7+ Kf8 39. Rc2 Qb5 40. Qa8+ Kf7 41. Qa7+ Ne7 42. Rc1 Qb3+ 43. Ka1 c3 44. Qf2 Rd2 45. Rxc3 Qxb2# 0-1

[Event "*** Titled Tuesday 3|2 Blitz (Early)"]
[Site "Chess.com"]
[Date "2017.01.03"]
[Round "3"]
[White "Anton_Demchenko"]
[Black "biostatistician"]
[Result "1-0"]
[WhiteElo "2642"]
[BlackElo "2437"]
[TimeControl "180+2"]
[EndTime "11:36:09 PST"]
[Termination "Anton_Demchenko won by resignation"]

1. e4 e6 2. d4 d5 3. Nd2 Nc6 4. Ngf3 Nf6 5. e5 Ne4 6. c3 Nxd2 7. Bxd2 b6 8. Bb5 Bd7 9. Qe2 Na5 10. Bd3 Be7 11. h4 h6 12. Rh3 c5 13. h5 cxd4 14.
Nxd4 Nc4 15. Bxc4 dxc4 16. Qxc4 O-O 17. Rg3 Kh8 18. Qe2 Rc8 19. Qg4 Rg8 20. O-O-O Rc5 21.
Qe4 Qc7 22. f4 Ba4 23. b3 Bc6 24. Nxc6 Rxc6 25. Rd3 Ba3+ 26. Kc2 Rc8 27. g4 a5 28. g5 Bb4 29. gxh6 Bxc3 30. hxg7+ Kg8 31. Bxc3 Rxc3+ 32.
Rxc3 Qxc3+ 33. Kb1 a4 34. Qd3 axb3 35. Qxc3 Rxc3 36. h6 bxa2+ 37. Kxa2 Rc8 38. Rd7 Kh7 39. Rxf7 Rc2+ 40. Kb3 Rg2 41. Rf6 Rg1 42. Rf8 Kxh6 43.
g8=Q Rxg8 44. Rxg8 1-0

[Event "*** Titled Tuesday 3|2 Blitz (Early)"]
[Site "Chess.com"]
[Date "2017.01.03"]
[Round "3"]
[White "Izoria123"]
[Black "FlySooHigh"]
[Result "1-0"]
[WhiteElo "2689"]
[BlackElo "2469"]
[TimeControl "180+2"]
[EndTime "11:36:11 PST"]
[Termination "Izoria123 won on time"]

1. Nf3 Nf6 2. c4 c5 3. Nc3 b6 4. e4 d6 5. d4 cxd4 6. Nxd4 Bb7 7. Qe2 e6 8. g3 a6 9. Bg2 Qc7 10. O-O Be7 11. Rd1 Nbd7 12. a4 Rc8 13. b3 O-O 14. h3 Rfe8 15. Be3 Bf8 16. Re1 Nc5 17.
Qc2 g6 18. Rad1 Bg7 19. Bc1 Qb8 20. Bb2 Qa8 21. Re2 e5 22. Nf3 Nfxe4 23. Ne1 Nxc3 24. Bxc3 Red8 25. Bxb7 Qxb7 26. Ng2 b5 27. axb5 axb5 28. Ne3 bxc4 29. bxc4 Ne4 30. Ba5 Re8 31. h4 Nc5 32. Bc3 Qe4 33. Rxd6 Qxc2 34. Rxc2 Ne4 35. Rd7 Nxc3 36.
Rxc3 e4 37. Rc2 Red8 38. Rxd8+ Rxd8 39. c5 Kf8 40. c6 Bd4 41. Rd2 Bb6 42. Rxd8+ Bxd8 43.
Nd5 Ke8 44. c7 Bxc7 45. Nxc7+ Ke7 46. Nd5+ Ke6 47. Ne3 f5 48. Kf1 h6 49. Ke2 g5 50.
h5 f4 51. Ng4 e3 52. fxe3 fxg3 53. Kf3 1-0

[Event "*** Titled Tuesday 3|2 Blitz (Early)"]
[Site "Chess.com"]
[Date "2017.01.03"]
[Round "3"]
[White "macko06"]
[Black "Holden-Caulfield"]
[Result "1/2-1/2"]
[WhiteElo "2275"]
[BlackElo "2448"]
[TimeControl "180+2"]
[EndTime "11:36:11 PST"]
[Termination "Game drawn - insufficient material"]

1. d4 d6 2. e4 Nf6 3. Nc3 e5 4. Nf3 Nbd7 5. Bc4 Be7 6. O-O O-O 7.
Re1 c6 8. a4 a5 9. b3 exd4 10.
Nxd4 Ne5 11. Bf1 Re8 12. Bb2 Qc7 13. Qd2 Bd7 14. Rad1 Rad8 15. Nf5 Bxf5 16. exf5 Ned7 17. Ne2 d5 18. Ng3 Bb4 19. Bc3 Bxc3 20. Qxc3 Qb6 21. Rxe8+ Rxe8 22. Re1 Rxe1 23. Qxe1 Qc5 24. Bd3 h6 25. h3 Kf8 26. Kf1 Ne8 27. Qd2 Nd6 28. Qf4 Ne8 29. Nh5 Qb4 30. Qxb4+ axb4 31. g4 Ke7 32. f4 Ndf6 33. Ng3 Nd6 34. Ke2 Nd7 35.
h4 f6 36. Nh5 Kf7 37. Ng3 Nc5 38. Ke3 b6 39. Ne2 Ke7 40. Nd4 Kd7 41. Ne2 Nce4 42. Nd4 Nc5 43. Ne2 Nxd3 44. cxd3 h5 45. Kf3 hxg4+ 46. Kxg4 c5 47. Ng3 c4 48. dxc4 dxc4 49.
bxc4 b3 50. Ne2 b2 51. Nc3 Kc6 52. Kh5 Nxf5 53. Kg6 Nxh4+ 54. Kxg7 f5 55. Kf6 Kc5 56. Nb1 Kxc4 57. Kg5 Nf3+ 58. Kxf5 Kb3 59. Ke4 Kc2 60. Na3+ Kb3 61. Nb1 Nh4 62. f5 Kc2 63. Na3+ Kb3 64.
Nb1 Kxa4 65. Kd3 Kb3 66. f6 Ng6 67. Nd2+ Ka2 68. Kc3 b5 69. Kb4 b1=Q+ 70. Nxb1 Kxb1 71. Kxb5 Kc2 72. Kc5 Kd3 73. Kd5 Ke3 74. Ke6 Kf4 75. Kf7 Kf5 76. Kg7 Ne5 77. f7 Nxf7 1/2-1/2

[Event "*** Titled Tuesday 3|2 Blitz (Early)"]
[Site "Chess.com"]
[Date "2017.01.03"]
[Round "3"]
[White "Rozum_Ivan"]
[Black "IMprovidence"]
[Result "1-0"]
[WhiteElo "2570"]
[BlackElo "2205"]
[TimeControl "180+2"]
[EndTime "11:36:11 PST"]
[Termination "Rozum_Ivan won on time"]

1. d4 Nf6 2. Nf3 c5 3. d5 g6 4.
c4 Bg7 5. Nc3 O-O 6. g3 e6 7.
Bg2 exd5 8. cxd5 d6 9. O-O Nbd7 10. Bf4 Qe7 11. Rb1 Nh5 12. Bg5 f6 13. Bd2 f5 14. b4 b6 15. Ng5 cxb4 16. Nb5 a5 17. Ne6 Rf7 18. Nxg7 Kxg7 19. Rc1 Nc5 20. Be3 Ba6 21.
Nd4 f4 22. Ne6+ Kg8 23. gxf4 Re8 24. Bf3 Nxe6 25. dxe6 Qxe6 26. Qd4 Qh3 27. Rfe1 Bb7 28. Bxb7 Rxb7 29. Qxd6 Qg4+ 30. Kh1 Rd7 31. Qc6 Rxe3 32. fxe3 Rf7 33. Qf3 Qe6 34. Rc6 Qxa2 35. Rxb6 b3 36. Rd1 b2 37. Rd8+ Kg7 38. Rdb8 Qa1+ 39. Kg2 Rc7 40. R8b7 Rxb7 41. Qxb7+ Kh6 42. Rxb2 Qe1 43. Qe7 Qc3 44. Qg5+ Kg7 45. Rb7+ 1-0

[Event "*** Titled Tuesday 3|2 Blitz (Early)"]
[Site "Chess.com"]
[Date "2017.01.03"]
[Round "3"]
[White "lionheart95"]
[Black "Tesla37"]
[Result "1-0"]
[WhiteElo "2405"]
[BlackElo "2576"]
[TimeControl "180+2"]
[EndTime "11:36:14 PST"]
[Termination "lionheart95 won by resignation"]

1. e4 c5 2. Nf3 e6 3. d4 cxd4 4.
Nxd4 Nc6 5. Nc3 Qc7 6. Be3 a6 7. Qd2 b5 8. f4 b4 9. Nd1 Bb7 10.
Nf2 Nf6 11. Bd3 Nxd4 12. Bxd4 Bc5 13. Qe3 Bxd4 14. Qxd4 Qxf4 15. Qxb4 Qe3+ 16. Kf1 Bc6 17. Re1 Qa7 18. Qd6 h5 19. h4 Qb6 20. b3 a5 21. a4 Ng4 22. Nxg4 hxg4 23. Re2 Rh6 24. Rf2 Rb8 25. Qg3 d5 26. Qxg4 Kf8 27. e5 d4 28. Qf4 Be8 29. g4 Qc6 30. Rh3 Qc3 31.
g5 Rh8 32. h5 Qa1+ 33. Kg2 Qe1 34. h6 Bc6+ 35. Kh2 Qh1+ 36. Kg3 Qg1+ 37. Kh4 Rb7 38.
Qxd4 gxh6 39. Rxf7+ Rxf7 40. Qxg1 hxg5+ 41. Kg4 Rf4+ 42. Kxg5 Rg8+ 43. Kxf4 Rxg1 44. Rh8+ Ke7 45. Rh7+ Kd8 46. Bc4 Rc1 47. Bxe6 Rxc2 48. Bc4 Rf2+ 49.
Ke3 Rg2 50. Kd4 Rg5 51. Kc5 Be8 52. Kd6 Rg2 53. Ra7 Rd2+ 54. Bd5 1-0

[Event "*** Titled Tuesday 3|2 Blitz (Early)"]
[Site "Chess.com"]
[Date "2017.01.03"]
[Round "3"]
[White "sorito"]
[Black "Morshynska"]
[Result "1/2-1/2"]
[WhiteElo "2322"]
[BlackElo "2120"]
[TimeControl "180+2"]
[EndTime "11:36:20 PST"]
[Termination "Game drawn by agreement"]

1. d4 Nf6 2. Bf4 e6 3. c3 c5 4. e3 d5 5. Nf3 Bd6 6. Bg3 Nc6 7.
Nbd2 Qe7 8. Bd3 O-O 9. O-O e5 10. dxe5 Nxe5 11. Nxe5 Bxe5 12. Bxe5 Qxe5 13. Nf3 Qe7 14. h3 Rd8 15. Re1 Ne4 16. Qc2 f5 17. Rad1 Be6 18. a3 a5 19. c4 Kh8 20. Ne5 Qf6 21. f4 Nd6 22. cxd5 Bxd5 23. Qxc5 Bb3 24. Rc1 a4 25. Qb6 h6 26. Rc7 Kg8 27. Rec1 Nf7 28. Qxf6 gxf6 29. Nxf7 Rxd3 30. Nxh6+ Kf8 31. Nxf5 Rd2 32.
Nd4 Bd5 33. Nf3 Rxb2 34. R1c5 Bxf3 35. gxf3 b5 36. Rh5 Kg8 37. Rd5 b4 38. Rdd7 bxa3 39. Rg7+ Kh8 40. Rh7+ Kg8 41. Rcg7+ Kf8 42. Rf7+ Kg8 43.
Rhg7+ Kh8 44. Rh7+ Kg8 45. Rfg7+ Kf8 1/2-1/2

[Event "*** Titled Tuesday 3|2 Blitz (Early)"]
[Site "Chess.com"]
[Date "2017.01.03"]
[Round "3"]
[White "Maitreia"]
[Black "poummba"]
[Result "1-0"]
[WhiteElo "2478"]
[BlackElo "2414"]
[TimeControl "180+2"]
[EndTime "11:36:25 PST"]
[Termination "Maitreia won by resignation"]

1. c4 g6 2. g3 Bg7 3. Bg2 d6 4. Nc3 e5 5. Nf3 Nc6 6. O-O Nf6 7. d3 O-O 8. Rb1 a5 9. a3 Nd4 10. Nd2 c6 11. e3 Ne6 12. Nf3 Nc7 13.
b4 axb4 14. axb4 Re8 15. b5 d5 16. bxc6 bxc6 17. d4 e4 18. Ne5 Ra6 19. Bd2 Nd7 20.
Nxd7 Bxd7 21. Qb3 Be6 22. cxd5 cxd5 23. Rfc1 Qd7 24. Bf1 Rc6 25. Nb5 Rb8 26. Qa4 Rxc1 27. Bxc1 Bf8 28. Qa5 Nxb5 29. Rxb5 Rxb5 30. Qxb5 Qxb5 31.
Bxb5 f5 32. h4 Bb4 33. Kf1 h6 34. Ke2 g5 35. hxg5 hxg5 36. Bd2 Bxd2 37. Kxd2 Kf7 38.
Kc3 Ke7 39. Kb4 Kd6 40. Be8 Bc8 41. Kb5 Be6 42. Kb6 Bg8 43. Bg6 Be6 44. Bh7 Bd7 45.
Bg8 Bc8 46. Bf7 Bd7 47. Bg6 Bc8 48. Be8 Be6 49. Kb7 Ke7 50. Bg6 Kd6 51. Bh7 Bd7 52.
Bg8 Be8 53. Kc8 Bb5 54. Kd8 Be2 55. Ke8 Bh5+ 56. Kf8 Bf3 57. Kg7 f4 58. Kf6 fxe3 59.
fxe3 g4 60. Kf5 Bd1 61. Kf4 Be2 62. Bf7 Bd1 63. Bh5 Ke7 64. Bxg4 Bb3 65. Ke5 Kf7 66.
Be6+ 1-0

[Event "*** Titled Tuesday 3|2 Blitz (Early)"]
[Site "Chess.com"]
[Date "2017.01.03"]
[Round "3"]
[White "BillieKimbah"]
[Black "AlexanderL"]
[Result "1-0"]
[WhiteElo "2596"]
[BlackElo "2573"]
[TimeControl "180+2"]
[EndTime "11:36:27 PST"]
[Termination "BillieKimbah won by resignation"]

1. c4 b6 2. Nc3 Bb7 3. e4 e6 4. Nge2 Nf6 5. d3 c5 6. g3 Nc6 7. Bg2 d6 8. O-O Be7 9. h3 O-O 10. Be3 Nd7 11. d4 cxd4 12. Nxd4 a6 13. Rc1 Nxd4 14. Bxd4 Qc7 15. b3 Rac8 16. Qe2 Rfd8 17. Rfd1 Bf6 18. Bxf6 Nxf6 19. Rd2 Rd7 20. a4 Rcd8 21. Rcd1 h6 22. Rd3 Qc5 23. Kh2 Ne8 24.
Qd2 Qb4 25. Qb2 Nc7 26. Kg1 a5 27. Na2 Qc5 28. Nc3 Na6 29. Nb5 Nb4 30. Rd4 Bc6 31.
Nc3 Kf8 32. Qe2 g6 33. Kh2 h5 34. Kg1 Ke7 35. R4d2 Qe5 36. Rd4 Qc5 37. Kh1 Rh8 38. f4 h4 39. g4 g5 40. e5 dxe5 41. Rxd7+ Bxd7 42. Ne4 Qc7 43. fxg5 Rg8 44. Qf2 Rg6 45.
Qxh4 Bc6 46. Qh8 Nc2 47. Nd6 Ne3 48. Nc8+ Qxc8 49. Qxc8 Bxg2+ 50. Kh2 Nxd1 51. Kxg2 Rxg5 52. Qc7+ Kf8 53. Qd6+ Ke8 54. Qxd1 1-0

[Event "*** Titled Tuesday 3|2 Blitz (Early)"]
[Site "Chess.com"]
[Date "2017.01.03"]
[Round "3"]
[White "Divertissement"]
[Black "Ar4uha"]
[Result "1-0"]
[WhiteElo "2440"]
[BlackElo "1200"]
[TimeControl "180+2"]
[EndTime "11:36:31 PST"]
[Termination "Divertissement won by resignation"]

1. c4 Nf6 2. Nc3 e6 3. e4 d5 4. e5 d4 5. exf6 dxc3 6. bxc3 Qxf6 7.
Nf3 Nc6 8. Bd3 e5 9. Be4 Bf5 10.
Qe2 Bxe4 11. Qxe4 O-O-O 12. O-O Bd6 13. d4 exd4 14. Bg5 Rhe8 15. Qg4+ Qe6 16. Qxe6+ fxe6 17. Bxd8 Rxd8 18. cxd4 Be7 19. Rad1 Bf6 20. d5 exd5 21.
cxd5 Nb4 22. d6 cxd6 23. a4 Kc7 24. Nd4 a6 25. Ne6+ Kd7 26. Nxd8 Bxd8 27. Rd4 Nc6 28. Rg4 Bf6 29. Rb1 Kc7 30. Kf1 d5 31. Rg3 a5 32. Ke2 Nb4 33. Rgb3 Be7 34. Rd1 Kc6 35.
Rc1+ Kd6 36. Rc8 Bf6 37. f4 Kd7 38. Rc1 Kd6 39. g4 h6 40. Kf3 b6 41. Rh1 Kc5 42. h4 b5 43. axb5 a4 44. Ra3 Kxb5 45. Rb1 Bd4 46. Rd3 Bc5 47. Rxd5 Kc4 48. Rdd1 a3 49. Rdc1+ Kb5 50. Rc2 Bd4 51. Rd2 Bc3 52. Re2 Kc5 53. Rb3 Bf6 54. Rxa3 Bxh4 55. Ra5+ Kb6 56. Rh5 Bf6 57.
Re6+ Kc7 58. Rxf6 Nd5 59. Rf7+ Kc6 60. Rxd5 1-0

[Event "*** Titled Tuesday 3|2 Blitz (Early)"]
[Site "Chess.com"]
[Date "2017.01.03"]
[Round "3"]
[White "boredoldman"]
[Black "abubakrtagelsir"]
[Result "1-0"]
[WhiteElo "2498"]
[BlackElo "2309"]
[TimeControl "180+2"]
[EndTime "11:36:34 PST"]
[Termination "boredoldman won by resignation"]

1. d4 d5 2. c4 c6 3. Nf3 Nf6 4. e3 Bf5 5. Nc3 e6 6. Be2 Nbd7 7. Nh4 Bg6 8. Nxg6 hxg6 9. h3 Qc7 10.
O-O Bd6 11. c5 Be7 12. b4 O-O 13. Bb2 e5 14. b5 e4 15. a4 Nh7 16. a5 a6 17. bxc6 bxc6 18. Qa4 g5 19. Na2 f5 20.
Nb4 Nb8 21. Rfb1 Nf6 22. Qb3 Kh8 23. Bc3 g4 24. Nc2 Ra7 25. Qb6 Qd7 26. hxg4 fxg4 27. g3 Nh7 28. Bxg4 Qxg4 29. Qxa7 Nd7 30. Kf1 Ng5 31. Rb2 Qxg3 32. Ne1 Nh3 33. Raa2 Rxf2+ 34. Rxf2 Qg1+ 35. Ke2 Qxf2+ 36. Kd1 Qxa2 37. Qxd7 Nf2+ 38.
Kc1 Bg5 39. Qe8+ Kh7 40. Qh5+ Bh6 41. Qf5+ Kg8 42. Qe6+ Kf8 43. Qf5+ Ke7 44. Qe5+ Kf7 45. Qf5+ Ke7 46. Qe5+ Kf7 47. Qc7+ Kf6 48. Qxc6+ Kg5 49.
Qb7 Kh4 50. Bd2 Bxe3 51. Bxe3 Qa3+ 52. Kb1 Qxe3 53. Ng2+ 1-0

[Event "*** Titled Tuesday 3|2 Blitz (Early)"]
[Site "Chess.com"]
[Date "2017.01.03"]
[Round "3"]
[White "iturrizaga"]
[Black "mwpchess"]
[Result "1/2-1/2"]
[WhiteElo "2627"]
[BlackElo "2443"]
[TimeControl "180+2"]
[EndTime "11:36:36 PST"]
[Termination "Game drawn by repetition"]

1. Nf3 c5 2. c4 Nc6 3. Nc3 g6 4.
e3 Nf6 5. d4 cxd4 6. exd4 d5 7.
cxd5 Nxd5 8. Qb3 e6 9. Bg5 Be7 10. Bh6 Bf8 11. Bxf8 Kxf8 12. Bb5 Na5 13. Qa3+ Kg7 14.
Nxd5 exd5 15. O-O b6 16. Rfe1 Be6 17. Ne5 Rc8 18. b3 Qh4 19. Nf3 Qf6 20. Re3 Rc7 21. Rae1 Rhc8 22. Ba6 Rd8 23. h3 h6 24. Ne5 Qf4 25. Qb2 Nc6 26. Nf3 Nb4 27. Bd3 Nxd3 28. Rxd3 Rdc8 29. Qa3 Bf5 30. Rde3 Be4 31. Ne5 Qg5 32.
Nf3 Bxf3 33. Rxf3 Rc1 34. Re3 Rxe1+ 35. Rxe1 Qd2 36. Rf1 a5 37. Qa4 Rc2 38. a3 Rc1 39. g3 Rxf1+ 40. Kxf1 Qd1+ 41. Kg2 Qe2 42. h4 Qe4+ 43.
Kg1 Qe1+ 44. Kg2 Qe4+ 45. Kh2 Qf3 46. Kg1 Qd1+ 47. Kg2 Qe2 48. Kg1 Qe1+ 49. Kg2 Qe4+ 50. Kh2 Qe2 51. Kg1 Qe1+ 52. Kg2 Qe4+ 1/2-1/2

[Event "*** Titled Tuesday 3|2 Blitz (Early)"]
[Site "Chess.com"]
[Date "2017.01.03"]
[Round "3"]
[White "davidarenas1224"]
[Black "Goala"]
[Result "1-0"]
[WhiteElo "2219"]
[BlackElo "2175"]
[TimeControl "180+2"]
[EndTime "11:36:36 PST"]
[Termination "davidarenas1224 won by resignation"]

1. e4 e6 2. d4 d5 3. Nd2 Nf6 4.
e5 Nfd7 5. Bd3 c5 6. c3 Nc6 7.
Ne2 cxd4 8. cxd4 f6 9. exf6 Nxf6 10. O-O Bd6 11. Nf3 Qc7 12. h3 O-O 13. Bd2 Bd7 14. Bc3 Be8 15. Ng5 Qe7 16. Ng3 h6 17.
Nf3 Nh5 18. Nxh5 Bxh5 19. Be2 Bxf3 20. Bxf3 Qg5 21. Bg4 Rf6 22. Qd3 h5 23. Bd1 Raf8 24. Bc2 g6 25. Rae1 Kg7 26. Re3 Nb4 27. Bxb4 Bxb4 28. Rg3 Qh6 29. Qb5 Bd2 30. Qxb7+ R8f7 31. Qc8 Qf4 32. Rd3 Be1 33. Rf3 Qd2 34. Rxf6 Rxf6 35. Qc7+ Rf7 36. Qe5+ Rf6 37. Qxe1 Qxc2 38. Qc3 Qe4 39.
Re1 Qf4 40. Qe3 Qf5 41. Re2 Qb1+ 42. Kh2 Qxa2 43. Qe5 Qc4 44. Re3 Qc8 45. Rf3 Qd8 46.
g4 hxg4 47. hxg4 Qh8+ 48. Kg3 Kf7 49. Qc7+ Kg8 50. Qd8+ Kh7 51. Qxh8+ Kxh8 52. Rxf6 1-0

[Event "*** Titled Tuesday 3|2 Blitz (Early)"]
[Site "Chess.com"]
[Date "2017.01.03"]
[Round "3"]
[White "Blitzstream"]
[Black "evgenyermolaev"]
[Result "0-1"]
[WhiteElo "2508"]
[BlackElo "2397"]
[TimeControl "180+2"]
[EndTime "11:36:49 PST"]
[Termination "evgenyermolaev won by resignation"]

1. d4 Nf6 2. Bg5 Ne4 3. Bh4 c5 4.
f3 Qa5+ 5. c3 Nf6 6. dxc5 Qxc5 7.
e4 Nc6 8. Nd2 d6 9. Bf2 Qa5 10.
Ne2 g6 11. Nd4 Nxd4 12. Bxd4 Bg7 13. Be2 O-O 14. O-O Be6 15. Bc4 Bxc4 16. Nxc4 Qb5 17.
Qb3 Qc6 18. a4 b6 19. Qb5 Rac8 20. Nd2 Nd7 21. Nb3 Qb7 22. Rfd1 a6 23. Qd5 Qxd5 24. exd5 Rb8 25. Bxg7 Kxg7 26. Nd4 Nf6 27. Nc6 Rb7 28. c4 b5 29. cxb5 axb5 30. a5 Ra8 31. b4 Ra6 32. Rac1 Rc7 33. Kf2 e6 34. Nb8 Rxc1 35.
Rxc1 Ra8 36. Nc6 Nxd5 37. a6 Rxa6 38. Nd8 Nxb4 39. Rc7 d5 40. Rxf7+ Kh6 41. h4 d4 42.
g4 g5 43. Rf6+ Kg7 44. hxg5 Nd3+ 45. Kg3 Nc5 46. Rf7+ Kg8 47. Rc7 Rd6 48. Nf7 Rd5 49. Nh6+ Kf8 50. Kf2 d3 51. Ke1 d2+ 52. Kd1 Na4 53.
Rc2 Rxg5 54. Kxd2 Kg7 55. Rc6 Kxh6 56. Rxe6+ Rg6 57. Ke3 Rxe6+ 0-1

[Event "*** Titled Tuesday 3|2 Blitz (Early)"]
[Site "Chess.com"]
[Date "2017.01.03"]
[Round "3"]
[White "Dr-Bassem"]
[Black "162a54f5d"]
[Result "1-0"]
[WhiteElo "2644"]
[BlackElo "2388"]
[TimeControl "180+2"]
[EndTime "11:36:55 PST"]
[Termination "Dr-Bassem won by resignation"]

1. e4 d6 2. d4 Nf6 3. Nc3 e5 4. Nf3 Nbd7 5. Bc4 Be7 6. O-O O-O 7.
Re1 c6 8. a4 a5 9. h3 Nb6 10. Ba2 Nfd7 11. Be3 exd4 12. Nxd4 Nc5 13. Nf5 Bxf5 14. exf5 d5 15. f6 gxf6 16. Bh6 Kh8 17. Bxf8 Bxf8 18. Bb1 Bd6 19. Qh5 Qd7 20. Ne2 Rg8 21.
c3 Rg7 22. Nd4 Nc4 23. Nf5 Rg5 24. Qh6 Rg6 25. Qh4 Nd2 26. Re3 Nxb1 27. Nxd6 Nd2 28. Rd1 Qxd6 29. Rxd2 Ne6 30. Rf3 Kg7 31. Re2 d4 32.
Rd2 c5 33. cxd4 Nxd4 34. Rfd3 Nf3+ 35. Rxf3 Qxd2 36. b3 Qe1+ 37. Kh2 Qe5+ 38. g3 Qe2 39. Qf4 Qc2 40. Kg2 Qd1 41. h4 h5 42. Qf5 Qc1 43. Qxh5 c4 44. bxc4 Qxc4 45. Qxa5 Qc6 46. Qb4 Kh7 47.
Qf4 Kg7 48. a5 Qd5 49. Qf5 Qxf5 50. Rxf5 Rg4 51. Rf4 Rg6 52. Rb4 Rh6 1-0

[Event "*** Titled Tuesday 3|2 Blitz (Early)"]
[Site "Chess.com"]
[Date "2017.01.03"]
[Round "3"]
[White "yian123"]
[Black "platy3"]
[Result "1-0"]
[WhiteElo "2402"]
[BlackElo "2616"]
[TimeControl "180+2"]
[EndTime "11:36:56 PST"]
[Termination "yian123 won by resignation"]

1. e4 c5 2. Nf3 e6 3. d4 cxd4 4. Nxd4 Nf6 5. Nc3 d6 6. Be3 a6 7.
Be2 Be7 8. g4 Nc6 9. g5 Nd7 10.
Rg1 Qc7 11. f4 b5 12. a3 Bb7 13. f5 Nxd4 14. Qxd4 Ne5 15. O-O-O Rc8 16. Kb1 Bc6 17. h4 Qb7 18. Bf4 Qb8 19. Qe3 a5 20. Na2 Qb7 21. Bd3 b4 22. axb4 axb4 23. Nc1 Bd8 24. Qg3 Bc7 25. Rde1 Ra8 26. Bxe5 dxe5 27. fxe6 fxe6 28. Bc4 Ke7 29. Qg4 Bd7 30. Rd1 Qc6 31. Bb3 Ra5 32.
Nd3 Qb6 33. Nxb4 Rha8 34. c3 Ra1+ 35. Kc2 Qf2+ 36. Rd2 Rxg1 37. Nc6+ Ke8 38. Qh5+ Qf7 39.
Qxf7+ Kxf7 40. Rxd7+ Kg6 41. Rxc7 Raa1 42. Nxe5+ Kh5 43.
Bc4 Rg2+ 44. Kb3 Rb1 45. Nd3 Kxh4 46. Rxg7 Rxg5 47. Rxh7+ Kg3 48. Bxe6 Rb5+ 49. Kc4 Rb6 50. Bd5 Kf3 51. Rh3+ Ke2 52. b4 Rb8 53. Nc5 Rc1 54.
e5 1-0

[Event "*** Titled Tuesday 3|2 Blitz (Early)"]
[Site "Chess.com"]
[Date "2017.01.03"]
[Round "3"]
[White "SidArun"]
[Black "Marreuh"]
[Result "1/2-1/2"]
[WhiteElo "2040"]
[BlackElo "2096"]
[TimeControl "180+2"]
[EndTime "11:36:59 PST"]
[Termination "Game drawn by agreement"]

1. e4 c5 2. c3 Nf6 3. e5 Nd5 4. d4 cxd4 5. cxd4 d6 6. Nf3 e6 7. Nc3 Nxc3 8. bxc3 dxe5 9. Nxe5 Qc7 10. Bd2 Nc6 11. Bb5 Bd7 12. Nxd7 Qxd7 13. Qf3 Rc8 14. Qg4 a6 15. Ba4 b5 16. Bc2 Na5 17. a4 Nc4 18.
axb5 axb5 19. Qe4 Qd5 20. Qxd5 exd5 21. Ra7 Bd6 22. Bf5 Rb8 23. Rd7 O-O 24. Kd1 Ra8 25.
Bd3 Ra1+ 26. Bc1 Bf4 27. Kc2 Rfa8 28. Bxc4 bxc4 29. Rb7 Re8 30. Rd1 Bxc1 31. Rxc1 Re2+ 32. Kd1 Rxc1+ 33. Kxc1 h6 34. Rb2 Re1+ 35. Kd2 Re6 36. Rb5 Rd6 37. Ke3 Kf8 38. Kf4 Ke7 39. Rb7+ Kf6 40.
g4 Ra6 41. Rb2 g5+ 42. Kf3 Ra3 43. Rc2 Ke6 44. Ke3 f5 45. h3 fxg4 46. hxg4 Ra1 47.
Kf3 Rg1 48. Re2+ Kf6 49. Re5 Rh1 50. Kg2 Rc1 51. Rxd5 Rxc3 52. Rc5 Rc1 53. Rc6+ Ke7 54. d5 c3 55. Kf3 c2 56. Kg2 Kd7 57. Kf3 Ke7 58.
Kg2 Rd1 59. Rxc2 Rxd5 60. Kg3 Kf6 61. Rc6+ Kg7 62. Re6 Ra5 1/2-1/2

[Event "*** Titled Tuesday 3|2 Blitz (Early)"]
[Site "Chess.com"]
[Date "2017.01.03"]
[Round "3"]
[White "alturas_pacificas"]
[Black "hsskoo"]
[Result "1-0"]
[WhiteElo "2038"]
[BlackElo "1912"]
[TimeControl "180+2"]
[EndTime "11:37:01 PST"]
[Termination "alturas_pacificas won on time"]

1. d4 e6 2. Bf4 Nf6 3. e3 b6 4. c4 Bb7 5. Nc3 Ne4 6. Nge2 Be7 7. Nxe4 Bxe4 8. Nc3 Bg6 9. Be2 d6 10. Bf3 Nd7 11.
Bxa8 Qxa8 12. O-O O-O 13. Qf3 Qc8 14. Rac1 c5 15. Nb5 Qb8 16. Qc6 Nf6 17. Bxd6 Bxd6 18.
Qxd6 Qb7 19. dxc5 bxc5 20. Qc7 Qe4 21. Qxc5 Qh4 22. Qd4 Qh5 23. h3 Be4 24. Nd6 Bc6 25. b4 Qg5 26. f3 e5 27. Qd2 Rd8 28. c5 Nd5 29. b5 Ba8 30. Rfe1 f5 31. c6 Rxd6 32.
c7 Bb7 33. c8=Q+ Bxc8 34. Rxc8+ Kf7 35. Rc6 Rd7 36. Rd1 f4 37. e4 Nb6 38. Qxd7+ Nxd7 39. Rxd7+ Ke8 40. Rxa7 Qd8 41. Rxg7 Qd4+ 42. Kh2 1-0

[Event "*** Titled Tuesday 3|2 Blitz (Early)"]
[Site "Chess.com"]
[Date "2017.01.03"]
[Round "3"]
[White "ajkom197"]
[Black "chesswooog"]
[Result "1/2-1/2"]
[WhiteElo "2295"]
[BlackElo "2131"]
[TimeControl "180+2"]
[EndTime "11:37:06 PST"]
[Termination "Game drawn - insufficient material"]

1. d4 Nf6 2. Bf4 e6 3. Nf3 b6 4.
e3 Bb7 5. Be2 Be7 6. O-O O-O 7.
h3 d6 8. c4 Nbd7 9. Nc3 c5 10.
dxc5 dxc5 11. Bd6 Re8 12. Nb5 Ne4 13. Bxe7 Rxe7 14. Qc2 a6 15. Nc3 Nxc3 16. Qxc3 Nf6 17. Rfd1 Rd7 18. Rxd7 Qxd7 19. Rd1 Qc6 20. Ne1 Qc7 21.
Qd3 h6 22. Qd6 Rc8 23. Bf3 Be4 24. Qxc7 Rxc7 25. Rd6 Rb7 26. Bxe4 Nxe4 27. Rd8+ Kh7 28. f3 Nf6 29. Rd6 b5 30. cxb5 axb5 31. Kf2 Rd7 32.
Rxd7 Nxd7 33. Ke2 g5 34. b3 Kg6 35. a4 bxa4 36. bxa4 Kf5 37. Kd3 Ke5 38. Kc4 Kd6 39. Kb5 Kc7 40. Nd3 Kd6 41. a5 Nb8 42. a6 Nxa6 43. Kxa6 c4 44. Nb4 Kc5 45. Ka5 c3 46.
Ka4 Kc4 47. Ka3 c2 48. Nxc2 Kd3 49. Kb3 Ke2 50. Kc3 Kf2 51. Kd3 Kxg2 52. Ke2 Kxh3 53.
Kf2 e5 54. Nb4 g4 55. fxg4 Kxg4 56. Nc6 Kf5 57. Kf3 h5 58. e4+ Ke6 59. Nb4 f5 60.
exf5+ Kxf5 61. Nd5 e4+ 62. Kg3 Ke5 63. Ne3 Kd4 64.
Nf5+ Kd3 65. Kh4 e3 66. Nxe3 Kxe3 67. Kxh5 1/2-1/2

[Event "*** Titled Tuesday 3|2 Blitz (Early)"]
[Site "Chess.com"]
[Date "2017.01.03"]
[Round "3"]
[White "1e41-0"]
[Black "Mazetovic"]
[Result "0-1"]
[WhiteElo "2311"]
[BlackElo "2464"]
[TimeControl "180+2"]
[EndTime "11:37:13 PST"]
[Termination "Mazetovic won by resignation"]

1. e4 c5 2. Nf3 Nc6 3. d4 cxd4 4.
Nxd4 g6 5. Nc3 Bg7 6. Be3 Nf6 7.
Bc4 Qa5 8. Nb3 Qc7 9. Bd3 a6 10. O-O O-O 11. Nd5 Nxd5 12. exd5 Ne5 13. Bd4 d6 14. h3 Nxd3 15. Qxd3 Bf5 16. Qe3 Qxc2 17. Qxe7 Qe4 18. Qxe4 Bxe4 19. Bxg7 Kxg7 20. Rfd1 Rac8 21. f3 Bc2 22. Rd2 Bxb3 23. axb3 Rc5 24. Kf1 Rfc8 25. Re1 Kf8 26. b4 Rc4 27. Re4 Rxe4 28. fxe4 Rc4 29. b5 axb5 30. Re2 f6 31. Kf2 Ke7 32. Kf3 Rb4 33.
g4 Rb3+ 34. Kg2 Rd3 35. Rc2 Kd7 36. Rf2 Rb3 37. Rxf6 Rxb2+ 38. Kg3 b4 39. Rf7+ Kc8 40.
Rxh7 Rc2 41. Rh8+ Kc7 42. Ra8 g5 43. Ra4 Rc3+ 44. Kg2 Rb3 45. h4 gxh4 46. g5 Rg3+ 47. Kh2 b3 48. Rb4 Rxg5 49. Rxb3 Rg4 50. Rb4 Rg3 51.
Kh1 Rc3 52. Kh2 b6 53. Kh1 Kb7 54. Kh2 Ka6 55. Ra4+ Kb5 56. Ra7 Re3 57. Re7 Kc5 58.
Re6 b5 59. Re8 b4 60. Rc8+ Kd4 61. Rb8 b3 62. Rb4+ Kc3 63. Rb6 b2 64. Rc6+ Kd2 65. Rb6 Kc2 66. Rc6+ Rc3 67. Rb6 b1=Q 68. Rxb1 Kxb1 0-1